 Dungeon Crawl Stone Soup version 0.29.0-5-ge4962eb29e (webtiles) character file.

Game seed: 14008036612989154086

62 Sobieck the Cudgeller (level 4, -4/44 HPs)
             Began as an Ogre Warper on Aug 28, 2022.
             Slain by a gnoll
             ... wielding a +0 whip
              (8 damage)
             ... on level 2 of the Dungeon.
             The game lasted 00:02:46 (1697 turns).

Sobieck the Cudgeller (Ogre Warper)                 Turns: 1697, Time: 00:02:47

Health: -4/44      AC:  3    Str: 17    XL:     4   Next: 8%
Magic:  7/7        EV:  9    Int: 14    God:
Gold:   74         SH:  0    Dex:  8    Spells: 7/7 levels left

rFire   . . .      SeeInvis .   a - +0 mace {mace}
rCold   . . .      Faith    .   (no shield)
rNeg    + . .      Spirit   .   i - +0 robe
rPois   .          Reflect  .   (helmet restricted)
rElec   .          Harm     .   (no cloak)
rCorr   .          Rampage  .   (gloves unavailable)
Will    .....                   (boots unavailable)
Stlth   +.........              (no amulet)
HPRegen 0.14/turn               k - ring of positive energy
MPRegen 0.10/turn               (no ring)

@: no status effects
A: large, unfitting armour, tough skin 1
a: no special abilities


You were on level 2 of the Dungeon.
You visited 1 branch of the dungeon, and saw 2 of its levels.

You collected 74 gold pieces.


Innate Abilities, Weirdness & Mutations

You are too large for most types of armour.
You have tough skin. (AC +1)


   Skills:
 - Level 2.6 Fighting
 + Level 3.8 Maces & Flails
 - Level 1.0 Throwing
 - Level 2.1 Dodging
 - Level 2.4 Spellcasting
 - Level 2.6 Translocations


You had 7 spell levels left.
You didn't know any spells.
Your spell library contained the following spells:

 Spells                   Type           Power      Damage    Failure   Level
 Blink                    Tloc           18%        N/A       12%         2
 Gell's Gravitas          Tloc           9%         N/A       22%         3
 Lesser Beckoning         Tloc           9%         N/A       22%         3
 Teleport Other           Tloc           9%         N/A       22%         3
 Manifold Assault         Tloc           9%         N/A       91%         5

Inventory:

Hand Weapons
 a - a +0 mace (weapon) {mace}
 b - a +0 sling
   (You found it on level 1 of the Dungeon)
Missiles
 d - 7 boomerangs of dispersal {=f!fthrowing}
 e - 25 stones {throwing}
 l - 10 poisoned darts {throwing}
 n - 3 large rocks {=fthrowing}
Armour
 i - a +0 robe (worn)
Magical Staves
 h - a staff of poison {!astaff}
   (You found it on level 1 of the Dungeon)
Jewellery
 k - a ring of positive energy (left hand)
   (You found it on level 1 of the Dungeon)
Scrolls
 c - 2 scrolls of blinking {!r}
 g - a scroll of teleportation {unknown}
 m - a scroll of identify {unknown}
Potions
 j - 4 potions of curing {unknown}

Dungeon Overview and Level Annotations

Branches:
Dungeon (2/15) Zot: 10276

Altars:
Wu Jian

#.#########)..### #<.#.#
#####.#..........##########.#
......#>..............>.....#
......#.#################.#######
......#..........................
.......#...###############.#.....
.......+.........# #.......
.......#...#####.# ##......
####...#...# #@# #......
#...##### #g# #...... #####
#.#### ##..... #....# #.....
#..g......# ##...# #.........#
#...# #....$....# #...#
#.........# #...# #..........#
#...#


You could see a gnoll.


Message History

The adder bites you.
Unknown command.
You hit the adder.
You kill the adder!
You feel sick.
Unknown command.
You start resting.
You feel sick. x2
You are no longer poisoned.
Unknown command.
You start resting.
Unknown command.
Unknown command.
b - a +0 sling (weapon)
Unknown command.
You now have 67 gold pieces (gained 5).
A sourceless malevolence fills the Dungeon... and a teleportation trap spontaneously manifests!
You are yanked towards some nearby monsters!
Your surroundings suddenly seem different.
A frilled lizard and a rat come into view.
The frilled lizard hisses angrily.
The rat misses you.
Danger!
a - a +0 mace (weapon)
{mace} You closely miss the rat.
The rat barely misses you.
You barely miss the rat. The rat closely misses you.
The rat bites you but does no damage.
The frilled lizard bites you but does no damage.
You closely miss the frilled lizard. The rat bites you.
The frilled lizard bites you but does no damage.
You barely miss the frilled lizard. The rat closely misses you.
The frilled lizard bites you but does no damage.
You hit the frilled lizard but do no damage.
The rat bites you. The frilled lizard closely misses you.
You sock the frilled lizard!
You kill the frilled lizard!
The rat bites you.
You hit the rat but do no damage. The rat barely misses you. x2
You hit the rat.
You kill the rat!
No target in view!
No target in view!
b - a +0 sling (weapon)
e - 19 stones {throwing} (gained 4)
l - 10 poisoned darts {throwing} (gained 4) Unknown command.
e - 23 stones {throwing} (gained 4)
Found an ornate altar of the Wu Jian Council.
Unknown command.
Found an escape hatch in the floor.
Unknown command.
There is an escape hatch in the floor here.
You now have 74 gold pieces (gained 7).
Found a stone staircase leading down.
Unknown command.
There is a stone staircase leading down here.
e - 25 stones {throwing} (gained 2)
j - 4 metallic puce potions (gained 1) 3 gnolls come into view.
The gnoll shouts! x2
Danger!
Unknown command.
The gnoll attacks as you move away! The gnoll hits you with a +0 club.
The gnoll attacks as you move away! The gnoll barely misses you.
Unknown command.
You shoot a sling bullet.
The sling bullet hits the gnoll but does no damage.
The gnoll barely misses you.
a - a +0 mace (weapon)
{mace} You barely miss the gnoll.
The gnoll hits you with a +0 club! The gnoll barely misses you.
You barely miss the gnoll. The gnoll hits you with a +0 club.
Unknown command.
You barely miss the gnoll. The gnoll barely misses you.
You sock the gnoll! The gnoll hits you with a +0 club.
You completely miss the gnoll. The gnoll hits you with a +0 club!
* * * LOW HITPOINT WARNING * * *
The gnoll hits you with a +0 club.
* * * LOW HITPOINT WARNING * * *
Unknown command.
You feel much better. The gnoll hits you with a +0 club.
You sock the gnoll!
You kill the gnoll!
You sock the gnoll! The gnoll hits you with a +0 whip.
You barely miss the gnoll. The gnoll closely misses you.
You hit the gnoll but do no damage. The gnoll closely misses you.
The gnoll barely misses you.
You hit the gnoll but do no damage. The gnoll misses you.
You hit the gnoll.
You kill the gnoll!
You have reached level 4!
You hit the gnoll but do no damage. The gnoll hits you with a +0 whip.
* * * LOW HITPOINT WARNING * * *
You hit the gnoll. The gnoll hits you with a +0 whip.
* * * LOW HITPOINT WARNING * * *
You hit the gnoll. The gnoll hits you with a +0 whip!
* * * LOW HITPOINT WARNING * * *
The gnoll hits you with a +0 whip.
* * * LOW HITPOINT WARNING * * *
You completely miss the gnoll. The gnoll hits you with a +0 whip!
You die...

Skill      XL: |  1  2 |
---------------+-------+-----
Maces & Flails | 2 3 |  3.8
Fighting       | |  2.6
Throwing       | |  1.0
Dodging        | |  2.1
Spellcasting   | |  2.4
Translocations | |  2.6

Action                   |  1- 3 |  4- 6 || total
-------------------------+-------+-------++-------
Melee: Mace              |    77 |     4 ||    81
       Punch             |     1 |       ||     1
 Fire: Sling             |    43 |       ||    43
  Use: Potion            |     2 |       ||     2
Armor: Robe              |    21 |       ||    21
Dodge: Dodged            |    45 |       ||    45

Levels and vault maps discovered:
D:1:      minmay_arrival_nine_rooms, layout_loops_ring,
          dreamdust_ecumenical_altar_statues
D:2:      layout_basic, basic_altar

Notes
Turn   | Place    | Note
-------+----------+-------------------------------------------
     0 | D:1      | Sobieck the Ogre Warper began the quest for the Orb.
     0 | D:1      | Reached XP level 1. HP: 22/22 MP: 3/3
    79 | D:1      | Found a faded altar of an unknown god.
   280 | D:1      | Reached skill level 2 in Maces & Flails
   520 | D:1      | Reached XP level 2. HP: 20/29 MP: 5/5
  1148 | D:2      | HP: 6/29 [adder (2)]
  1152 | D:2      | Reached skill level 3 in Maces & Flails
  1152 | D:2      | Reached XP level 3. HP: 19/36 MP: 6/6
  1619 | D:2      | Found an ornate altar of the Wu Jian Council.
  1694 | D:2      | Reached XP level 4. HP: 26/44 MP: 7/7
  1696 | D:2      | HP: 10/44 [gnoll/+0 whip (7)]
  1696 | D:2      | HP: 4/44 [gnoll/+0 whip (6)]
  1697 | D:2      | Slain by a gnoll

Vanquished Creatures
  2 gnolls (D:2)
  2 adders (D:2)
  An orc (D:2)
  2 endoplasms (D:1)
  2 giant cockroaches
  A goblin (D:1)
  A hobgoblin (D:2)
  2 quokkas
  3 ball pythons
  A bat (D:2)
  4 frilled lizards
  3 kobolds (D:1)
  3 rats (D:2)
27 creatures vanquished.

Table legend:
 A = Non-vault XP
 B = Vault XP
 C = Vault XP percentage of total XP
 D = Non-vault monster count
 E = Vault monster count
 F = Vault count percentage of total count
                 A         B        C        D         E       F
            +---------+---------+-------+---------+---------+-------
      Total |      89 |       0 |   0.0 |      27 |       0 |   0.0
            +---------+---------+-------+---------+---------+-------
        D:1 |      17 |       0 |   0.0 |      11 |       0 |   0.0
        D:2 |      72 |       0 |   0.0 |      16 |       0 |   0.0
            +---------+---------+-------+---------+---------+-------

Illustrated notes

Table legend:
 A = Kills in this place as a percentage of kills in entire the game.
 B = Kills by you in this place as a percentage of kills by you in the entire game.
 C = Kills by friends in this place as a percentage of kills by friends in the entire game.
 D = Other kills in this place as a percentage of other kills in the entire game.
 E = Experience gained in this place as a percentage of experience gained in the entire game.
 F = Experience gained in this place divided by the number of levels of this place that you have seen.
                   A       B       C       D       E      F
               +-------+-------+-------+-------+-------+----------------------
         Total | 100.0 | 100.0 |   N/A |   N/A | 100.0 |  44.5
       Dungeon | 100.0 | 100.0 |   N/A |   N/A | 100.0 |  44.5
               +-------+-------+-------+-------+-------+----------------------

Table legend: (Time is in decaauts)
 A = Elapsed time spent in this place.
 B = Non-inter-level travel time spent in this place.
 C = Inter-level travel time spent in this place.
 D = Time resting spent in this place.
 E = Time spent auto-exploring this place.
 F = Levels seen in this place.
 G = Mean time per level.
                   A        B        C        D        E       F      G
               +--------+--------+--------+--------+--------+-----+--------+
         Total |   1721 |   1679 |     42 |    404 |   1037 |   2 |  860.5 |
       Dungeon |   1721 |   1679 |     42 |    404 |   1037 |   2 |  860.5 |
               +--------+--------+--------+--------+--------+-----+--------+

Top non-repeatable levels by time:
     D:1: 996 daAuts
     D:2: 725 daAuts
